 Dungeon Crawl Stone Soup version 0.31-a0-1603-gbec6b6ccbf (webtiles) character file.

Game seed: 14343776359593763767

13004 croobank the Covert (level 11, -2/58 HPs)
             Began as a Felid Summoner on Jan 7, 2024.
             Was a Believer of Kikubaaqudgha.
             Slain by an orange demon (5 damage)
             ... led by Amaemon
             ... on level 1 of the Lair of Beasts.
             The game lasted 01:23:19 (17147 turns).

croobank the Covert (Felid Summoner)               Turns: 17147, Time: 01:23:20

Health: -2/58      AC:  2    Str:  8    XL:     11   Next: 69%
Magic:  8/19       EV: 27    Int: 27    God:    Kikubaaqudgha [**....]
Gold:   481        SH:  5    Dex: 15    Spells: 5/23 levels left
                                        Lives:  0   Deaths: 3

rFire   + . .        (weapon unavailable)
rCold   + . .        (shield unavailable)
rNeg    . . .        (body armour unavailable)
rPois   +            (helmet unavailable)
rElec   .            (cloak unavailable)
rCorr   .            (gloves unavailable)
SInv    +            (boots unavailable)
Will    +++..        h - amulet of reflection
Stlth   ++++         d - ring of Xom's Bemusement {rPois rF+ rC+ Will++ Str+4}
HPRegen 0.29/turn    e - ring "Epent" {EV+5 Int+4}
MPRegen 0.16/turn

%: reflection
@: beast-form, animating dead
A: beast (slay +2), very small, claws 1, fangs 3, see invisible, shaggy fur 2,
stealthy paws, no weapons or thrown items, no armour, multi-lived, clumsy 1, low
MP 1
a: Begin Untransformation, Renounce Religion, Unearth Wretches


You were on level 1 of the Lair of Beasts.
You worshipped Kikubaaqudgha.
Kikubaaqudgha was pleased with you.
You were a hulking beast.
You visited 3 branches of the dungeon, and saw 13 of its levels.
You also visited: Gauntlet.

You collected 690 gold pieces.
You spent 209 gold pieces at shops.

Inventory:

Jewellery
 d - the ring of Xom's Bemusement (left paw) {rPois rF+ rC+ Will++ Str+4}
   (You acquired it on level 3 of the Dungeon)

   [ring of poison resistance]

   Str+4:     It affects your strength (+4).
   rF+:       It protects you from fire.
   rC+:       It protects you from cold.
   rPois:     It protects you from poison Will++: It greatly increases your
   willpower.
 e - the ring "Epent" (right paw) {EV+5 Int+4}
   (You acquired it on level 8 of the Dungeon)

   [ring of evasion]

   EV+5:      It affects your evasion (+5).
   Int+4:     It affects your intelligence (+4).
 h - an amulet of reflection (around neck)
 p - a +6 ring of strength
Talismans
 g - a beast talisman (active)
Wands
 b - a wand of paralysis (10)
 f - a wand of flame (19)
Scrolls
 i - 2 scrolls of amnesia
 t - a scroll of torment
Potions
 c - a potion of enlightenment
 j - a potion of cancellation
 k - a potion of attraction


   Skills:
 + Level 6.8 Fighting
 + Level 9.4 Dodging
 - Level 10.0 Stealth
 + Level 6.7 Spellcasting
 + Level 7.8 Summonings
 + Level 5.0 Necromancy
 - Level 5.0 Fire Magic
 - Level 5.0 Air Magic
 - Level 5.0 Shapeshifting


You had 5 spell levels left.
You knew the following spells:

 Your Spells              Type           Power      Damage    Failure   Level
a - Summon Small Mammal   Summ           100%       N/A       1%          1
b - Call Imp              Summ           100%       N/A       1%          2
c - Call Canine Familiar  Summ           51%        N/A       1%          3
d - Summon Blazeheart Go  Fire/Summ      43%        N/A       4%          4
e - Summon Lightning Spi  Summ/Air       43%        N/A       4%          4
A - Animate Dead          Necr           36%        N/A       8%          4

Your spell library contained the following spells:

 Spells                   Type           Power      Damage    Failure   Level
 Necrotise                Necr           100%       1d9       1%          1
 Sublimation of Blood     Necr           36%        N/A       1%          2
 Kiss of Death            Conj/Necr      88%        2d12      2%          1
 Sandblast                Erth           18%        2d7       6%          1
 Inner Flame              Hex/Fire       22%        N/A       6%          3
 Dispel Undead            Necr           36%        3d15      8%          4
 Mephitic Cloud           Conj/Alch/Air  18%        N/A       9%          3
 Confusing Touch          Hex            9%         N/A       19%         3
 Dazzling Flash           Conj/Hex       18%        N/A       19%         3
 Passwall                 Erth           9%         N/A       19%         3
 Stone Arrow              Conj/Erth      18%        3d8       19%         3
 Curse of Agony           Necr           36%        N/A       22%         5
 Brom's Barrelling Bould  Conj/Erth      9%         2d3       52%         4
 Passage of Golubria      Tloc           9%         N/A       52%         4
 Silence                  Hex/Air        11%        N/A       52%         5
 Irradiate                Conj/Alch      4%         3d13      86%         5
 Iskenderun's Battlesphe  Conj           9%         2d6       86%         5
 Bombard                  Conj/Erth      4%         9d2       100%        6
 Spellforged Servitor     Conj/Summ      15%        N/A       100%        7
 Ignition                 Fire           18%        3d7       100%        8
 Lehudib's Crystal Spear  Conj/Erth      4%         10d3      100%        8


Dungeon Overview and Level Annotations

Branches:
Dungeon (11/15)            Temple (1/1) D:7            Lair (1/5) D:9
    Orc (0/2) D:9         Gauntlet (visited)

Altars:
Ashenzari
Cheibriados
Dithmenos
Elyvilon
Fedhas
Gozag
Hepliaklqana
Kikubaaqudgha
Makhleb
Nemelex Xobeh
Okawaru
Qazlal
Ru
Sif Muna
Trog
Uskayaw
Vehumet
Wu Jian
Xom
Yredelemnul
The Shining One

Shops:
D:4 !   D:6 *

Annotations:
D:10 3 transporters, Fannar
Lair:1 Amaemon


Innate Abilities, Weirdness & Mutations

You are a hulking beast.
Your limbs bulge with bestial killing power. (Slay +2)
You have sharp claws.
You have razor-sharp teeth.
You have supernaturally acute eyesight. (SInv)
You are covered in thick fur. (AC +2)
Your paws help you pounce on unaware monsters.
You are incapable of wielding weapons or throwing items.
You cannot wear armour.
You gain extra lives every three experience levels.
You are clumsy. (Dex -2)
Your magical capacity is low. (-10% MP)


Message History

The orange demon completely misses you. The wolf completely misses you.
Your steam dragon zombie bites the wolf.
Your steam dragon zombie barely misses the wolf.
Your blazeheart golem punches the wolf!
You scratch the wolf but do no damage.
The wolf is almost dead.
The wolf misses you. You block the wolf's attack. The orange demon misses you.
The wolf bites you!
Your steam dragon zombie bites the wolf but does no damage.
Your steam dragon zombie claws the wolf.
The wolf bites your steam dragon zombie.
The wolf bites you!
* * * LOW HITPOINT WARNING * * *
You are too injured to fight recklessly!
Aiming: Paralyse
Press: ? - help, Shift-Dir - straight line, f - orange demon
Aim: an orange demon (chance to affect: 17%)
Okay, then.
You remove your +6 ring of strength.
You feel weaker. You block the orange demon's attack. The wolf bites you!
* * * LOW HITPOINT WARNING * * *
The wolf bites your steam dragon zombie.
The wolf bites you.
* * * LOW HITPOINT WARNING * * *
You feel clever.
e - the ring "Epent" (right paw) {EV+5 Int+4} The wolf bites you!
* * * LOW HITPOINT WARNING * * *
Your steam dragon zombie bites the wolf.
The wolf dies!
Kikubaaqudgha accepts your kill.
The dead are walking!
The wolf completely misses you.
Your blazeheart golem misses the wolf.
Casting: Summon Blazeheart Golem (dangerous; 4% risk of failure)
Confirm with . or Enter, or press ? or * to list all spells.
Okay, then.
The orange demon misses you. The orange demon hits you.
You die...
Kikubaaqudgha rasps: "You have failed me!
Welcome... death!"

.####.#...# ..#.......##
#..........#
.......$...# ###
...........# ###.#
...........## #....
.......hhh..# #####P..
......Z9.Z..#####.##...#
.......h....[.......#...
........4....###.##.....
..........#### #########
.........## .........#
#....###.# #..## .## ###
. #.


You could see an orange demon, 3 wolves, a friendly blazeheart golem (summoned),
a friendly wolf zombie and a friendly steam dragon zombie.

Vanquished Creatures
  Josephine (D:10)
  2 two-headed ogres
  A tengu warrior (D:10)
  An ugly thing (D:11)
  A cyclops (D:11)
  A komodo dragon (D:10)
  2 trolls
  A hornet (D:9)
  A nameless horror (D:6)
  3 wraiths
  A vampire (D:10)
  2 shadows
  5 yaks (D:10)
  A wyvern (D:10)
  A steam dragon (D:7)
  2 orc warriors
  A wolf (D:9)
  A phantom (D:4)
  5 centaurs
  A gnoll sergeant (D:6)
  A kobold brigand (D:10)
  2 bullfrogs
  A scorpion (D:10)
  5 wights
  7 killer bees
  2 howler monkeys
  2 electric eels (D:9)
  4 hounds
  A jelly (D:4)
  A sleepcap (D:4)
  3 orc priests
  Ijyb (D:5)
  An iguana (D:5)
  2 orc wizards
  An adder (D:6)
  A dart slug (D:4)
  11 orcs
  A ball python (D:2)
  An endoplasm (D:10)
  2 giant cockroaches
  2 goblins
  A hobgoblin (D:4)
  A jackal (D:2)
  2 quokkas
  2 bats
  A rat (D:3)
93 creatures vanquished.

Vanquished Creatures (collateral kills)
  An ugly thing (D:10)
  A komodo dragon (D:10)
  2 nameless horrors
  Grinder (D:3)
  2 wraiths (D:10)
  A yak (D:10)
  A steam dragon (Lair:1)
  A vampire mosquito (D:10)
  An acid dragon (D:11)
  2 water moccasins (D:9)
  3 orc warriors
  A black bear (D:4)
  3 ice beasts
  2 centaurs
  5 wolves
  A phantom (D:7)
  2 bullfrogs (D:8)
  A gnoll sergeant (D:10)
  2 scorpions (D:5)
  2 wights
  6 killer bees
  3 howler monkeys
  A bombardier beetle (D:4)
  4 hounds
  4 orc priests
  3 gnoll boudas
  12 orc wizards
  3 iguanas
  2 sleepcaps
  5 adders
  23 gnolls
  3 white imps
  A dart slug (D:4)
  3 ribbon worms
  31 orcs
  5 ball pythons
  6 endoplasms
  4 giant cockroaches
  4 goblins
  7 hobgoblins
  5 jackals
  A quokka (D:1)
  3 bats
  6 kobolds
  2 rats
182 creatures vanquished.

Vanquished Creatures (others)
  A yak zombie (D:10)
  An endoplasm zombie (D:10)
  5 orc zombies (D:10)
  33 blazeheart cores
40 creatures vanquished.

Grand Total: 315 creatures vanquished

Notes
Turn   | Place    | Note
-------+----------+-------------------------------------------
     0 | D:1      | croobank the Felid Summoner began the quest for the Orb.
     0 | D:1      | Reached XP level 1. HP: 9/9 MP: 4/4
   363 | D:1      | Reached skill level 3 in Stealth
   373 | D:1      | Reached XP level 2. HP: 7/13 MP: 3/6
   816 | D:1      | Learned a level 2 spell: Call Imp
  1246 | D:2      | Reached XP level 3. HP: 14/16 MP: 2/7
  1386 | D:2      | Learned a level 3 spell: Call Canine Familiar
  2557 | D:3      | Reached XP level 4. HP: 21/21 MP: 3/8
  2557 | D:3      | Gained a life (2 lives remaining)
  2697 | D:3      | Noticed Grinder
  2716 | D:3      | Gained mutation: Your magical capacity is low. (-10% MP)
                  | [potion of mutation]
  2716 | D:3      | Gained mutation: You are clumsy. (Dex -2) [potion of
                  | mutation]
  2749 | D:3      | Killed Grinder
  2750 | D:3      | Reached skill level 1 in Fighting
  2750 | D:3      | Reached skill level 4 in Stealth
  2750 | D:3      | Reached skill level 1 in Shapeshifting
  2750 | D:3      | Reached XP level 5. HP: 24/26 MP: 2/9
  2834 | D:3      | Gained mutation: You are covered in thick fur. (AC +2)
                  | [Felid growth]
  2834 | D:3      | Reached XP level 6. HP: 29/30 MP: 3/10
  2842 | D:3      | Learned a level 4 spell: Summon Blazeheart Golem
  3202 | D:3      | Identified a scroll of acquirement
  3202 | D:3      | Acquired the ring of Xom's Bemusement {rPois rF+ rC+ Will++
                  | Str+4}
  3250 | D:3      | Noticed an ice beast
  3260 | D:3      | Killed an ice beast
  3261 | D:3      | Reached skill level 1 in Fire Magic
  3461 | D:3      | Noticed a nameless horror
  3847 | D:4      | Found a radiant altar of Vehumet.
  3996 | D:4      | Reached XP level 7. HP: 35/35 MP: 5/11
  4003 | D:4      | Reached skill level 5 in Stealth
  4521 | D:4      | Reached skill level 5 in Summonings
  4690 | D:4      | Found Wyafawk's Distillery.
  4708 | D:4      | Bought a potion of ambrosia for 88 gold pieces
  4708 | D:4      | Bought a potion of heal wounds for 55 gold pieces
  4708 | D:4      | Bought a potion of curing for 33 gold pieces
  4869 | D:4      | Found a sparkling altar of Nemelex Xobeh.
  5025 | D:5      | Entered Level 5 of the Dungeon
  5321 | D:4      | Reached skill level 5 in Dodging
  5821 | D:5      | Noticed Ijyb
  6138 | D:5      | Killed Ijyb
  6509 | D:5      | Reached XP level 8. HP: 39/39 MP: 6/13
  6514 | D:5      | Learned a level 4 spell: Summon Lightning Spire
  7900 | D:6      | Reached skill level 6 in Stealth
  8934 | D:6      | Found Unujot's General Store.
  8940 | D:6      | Bought a potion of curing for 33 gold pieces
  9006 | D:6      | Identified the +1 robe of Benevolence {Str+3 Int+3
                  | Archmagi}
  9216 | D:6      | Found a broken altar of Ashenzari.
  9377 | D:6      | Noticed a nameless horror
  9383 | D:6      | Killed a nameless horror
  9504 | D:6      | Reached XP level 9. HP: 36/45 MP: 0/14
  9654 | D:6      | Found a shimmering blue altar of Sif Muna.
 10385 | D:7      | Found a staircase to the Ecumenical Temple.
 10394 | Temple   | Entered the Ecumenical Temple
 10422 | Temple   | Became a worshipper of Kikubaaqudgha
 10791 | D:7      | Found a burning altar of Makhleb.
 11075 | D:7      | Noticed a nameless horror
 11084 | D:7      | Killed a nameless horror
 11198 | D:8      | Found a stormy altar of Qazlal.
 11240 | D:8      | Reached skill level 7 in Stealth
 11523 | D:8      | Reached skill level 1 in Necromancy
 11604 | D:8      | Reached skill level 5 in Shapeshifting
 12090 | D:8      | Reached skill level 1 in Air Magic
 12132 | D:8      | Reached skill level 5 in Fire Magic
 12322 | D:8      | Acquired the ring "Epent" {EV+5 Int+4}
 12507 | D:9      | Noticed a troll
 12553 | D:9      | Noticed a two-headed ogre
 12579 | D:9      | Killed a two-headed ogre
 12580 | D:9      | Reached skill level 5 in Spellcasting
 12580 | D:9      | Reached XP level 10. HP: 30/51 MP: 2/16
 12592 | D:9      | Reached * piety under Kikubaaqudgha
 12592 | D:9      | Received a gift from Kikubaaqudgha
 12743 | D:9      | Reached skill level 5 in Fighting
 12743 | D:9      | Reached skill level 8 in Stealth
 13141 | D:9      | Found a staircase to the Lair.
 13623 | D:9      | Found a staircase to the Orcish Mines.
 13940 | D:9      | Learned a level 4 spell: Animate Dead
 13978 | D:9      | Reached ** piety under Kikubaaqudgha
 14072 | D:10     | Entered Level 10 of the Dungeon
 14097 | D:10     | Noticed Josephine
 14138 | D:10     | Found a sacrificial altar of Ru.
 14138 | D:10     | Noticed a two-headed ogre
 14162 | D:10     | Found a basalt altar of Yredelemnul.
 14178 | D:11     | Noticed a white ugly thing
 14203 | D:11     | Killed a white ugly thing
 14212 | D:11     | Killed from afar by an acid dragon
 14212 | D:11     | Lost a life (1 life remaining)
 14396 | D:11     | Noticed a cyclops
 14408 | D:11     | Killed a cyclops
 14409 | D:11     | Reached skill level 9 in Stealth
 14409 | D:11     | Reached XP level 11. HP: 56/56 MP: 10/18
 14409 | D:11     | Gained a life (2 lives remaining)
 14426 | D:11     | Found a gate leading to a gauntlet.
 14436 | Gauntlet | Entered a Gauntlet
 14436 | Gauntlet | Noticed a tengu warrior
 14436 | Gauntlet | Found a transporter.
 14441 | Gauntlet | Found a transporter.
 14444 | Gauntlet | Found a transporter.
 14448 | Gauntlet | Noticed a necromancer
 14456 | Gauntlet | Found a transporter.
 14457 | Gauntlet | Found a transporter.
 14462 | Gauntlet | Noticed an entropy weaver
 14465 | Gauntlet | Found a transporter.
 14468 | Gauntlet | Found a transporter.
 14473 | Gauntlet | Noticed a hell hog
 14476 | Gauntlet | Found a transporter.
 14480 | Gauntlet | Found a transporter.
 14488 | Gauntlet | Found a transporter.
 14509 | Gauntlet | Found a transporter.
 14521 | Gauntlet | Found a transporter.
 14533 | Gauntlet | Found a transporter.
 14647 | Gauntlet | Found a transporter.
 15128 | D:10     | Killed a two-headed ogre
 15129 | D:10     | Reached skill level 5 in Air Magic
 15183 | D:10     | Found a transporter.
 15183 | D:10     | Found a transporter.
 15183 | D:10     | Found a transporter.
 15219 | D:10     | Noticed a tengu warrior
 15236 | D:10     | Noticed a fire crab
 15255 | D:10     | Killed a tengu warrior
 15297 | D:10     | a golden eye changed into a fire crab
 15297 | D:10     | Noticed a fire crab (shapeshifter)
 15298 | D:10     | HP: 3/84 [komodo dragon (9)]
 15299 | D:10     | Mangled by a komodo dragon
 15299 | D:10     | Lost a life (1 life remaining)
 15303 | D:10     | Noticed a white ugly thing
 15872 | D:10     | Killed a white ugly thing
 15905 | D:10     | Killed Josephine
 15926 | D:10     | Slain by a wraith
 15926 | D:10     | Lost a life (0 lives remaining)
 15941 | D:10     | Reached skill level 10 in Stealth
 15950 | D:10     | Noticed Fannar
 16962 | D:7      | Reached skill level 5 in Necromancy
 17092 | Lair:1   | Entered Level 1 of the Lair of Beasts
 17130 | Lair:1   | Noticed Amaemon
 17147 | Lair:1   | Slain by an orange demon

Illustrated notes

Levels and vault maps discovered:
D:1:      lightli_arrival_isolated_outpost, layout_basic,
          minmay_misc_feat_tower, minmay_tall_x
D:2:      layout_basic, serial_forest, infiniplex_forest_straight_4,
          infiniplex_forest_corner_1, infiniplex_forest_end_3,
          infiniplex_forest_straight_1, infiniplex_forest_corner_2,
          infiniplex_forest_clump_small, infiniplex_forest_clump_tiny
D:3:      layout_basic, uniq_grinder
D:4:      layout_cave_pods, nicolae_vehumet_radiance,
          nemelex_diamond_rough_becter, serial_shops, nicolae_shop_stone,
          serial_library_hellmonk_small_alcove, kennysheep_another_room
D:5:      layout_rooms, chequers_serial_rivers_micro_b,
          chequers_serial_rivers_room_a, minmay_tree_intersection, uniq_ijyb
D:6:      layout_rooms, general_overflow_altar, lemuel_crystal_altar,
          serial_shops, shop, billiards_dpeg
D:7:      layout_cave_pools, lightli_temple_of_fire,
          minmay_temple_entry_drinking_statues
D:8:      layout_loops_cross, mainiacjoe_overflow_boulevard
D:9:      layout_loops_cross, erik_lair_island, david_orc_3,
          minmay_splitting_lines, grunt_ministairs_4
D:10:     hangedman_cross_cluster, layout_loops_ring, zin_treasury,
          lemuel_tele_altar, nicolae_ru_sacrificial_ziggurat,
          nicolae_diode_quadrants, uniq_josephine, uniq_fannar
D:11:     minmay_the_grid_triangle_9x9_rhombus_full_mashed
          [minmay_the_grid_triangle_9x9_warning,
          minmay_the_grid_triangle_9x9_checkered,
          minmay_the_grid_triangle_9x9_wacky_v,
          minmay_the_grid_triangle_9x9_semitri,
          minmay_the_grid_triangle_9x9_sprig,
          minmay_the_grid_triangle_9x9_corrupted_corridor,
          minmay_the_grid_triangle_9x9_windchime,
          minmay_the_grid_triangle_9x9_prize_schism], layout_layer_cave,
          gauntlet_entry_generic
Temple:   oiseaux_autumnal_temple
Lair:1:   layout_cave_pods, uniq_grum, uniq_amaemon

Skill      XL: |  1  2  3  4  5  6  7  8  9 10 11 |
---------------+----------------------------------+-----
Dodging        | 3 4 5 7 8 9 |  9.4
Stealth        | 3 4 5 6 7 9 10 | 10.0
Fighting       | 1 2 3 4 5 6 |  6.8
Shapeshifting  | 1 2 3 4 5 |  5.0
Spellcasting   | 3 4 5 6 |  6.7
Fire Magic     | 1 2 4 5 |  5.0
Summonings     | 5 6 7 |  7.8
Necromancy     | 2 3 5 |  5.0
Air Magic      | 2 4 5 |  5.0

Action                     |  1- 3 |  4- 6 |  7- 9 | 10-12 || total
---------------------------+-------+-------+-------+-------++-------
  Melee: Unarmed           |    29 |    16 |   104 |   103 ||   252
         Bite              |     4 |     1 |    16 |    17 ||    38
         Punch             |       |       |     3 |     3 ||     6
   Cast: Summon Small Mamm |    39 |    19 |    67 |     5 ||   130
         Call Imp          |    13 |    10 |    37 |    12 ||    72
         Call Canine Famil |     4 |     7 |    35 |    16 ||    62
         Summon Blazeheart |       |     1 |    17 |    44 ||    62
         Summon Lightning  |       |       |    14 |    18 ||    32
         Animate Dead      |       |       |       |     7 ||     7
 Invoke: Unearth Wretches  |       |       |       |     2 ||     2
  Evoke: Wand              |       |       |     3 |    22 ||    25
    Use: Potion            |       |     4 |     8 |    10 ||    22
         Scroll            |       |     6 |     8 |     9 ||    23
   Stab: Sleeping          |     4 |     5 |     4 |       ||    13
         Distracted        |       |       |     5 |     2 ||     7
         Paralysed         |       |       |     1 |     4 ||     5
 Armour: Skin              |    12 |    15 |    95 |   112 ||   234
  Dodge: Dodged            |    49 |    31 |   211 |   213 ||   504
  Block: Other             |       |       |       |    27 ||    27
         Reflection        |       |       |       |     2 ||     2
   Form: Beast             |     2 |       |       |       ||     2
                           |     1 |       |       |       ||     1

Table legend: (Time is in decaauts)
 A = Elapsed time spent in this place.
 B = Non-inter-level travel time spent in this place.
 C = Inter-level travel time spent in this place.
 D = Time resting spent in this place.
 E = Time spent auto-exploring this place.
 F = Levels seen in this place.
 G = Mean time per level.
                   A        B        C        D        E       F      G
               +--------+--------+--------+--------+--------+-----+--------+
         Total |  17178 |  16055 |   1123 |   5812 |   6968 |  14 | 1227.0 |
       Dungeon |  16830 |  15763 |   1067 |   5712 |   6931 |  11 | 1530.0 |
        Temple |     56 |      1 |     55 |      0 |      0 |   1 |   56.0 |
          Lair |     53 |     53 |      0 |      0 |     11 |   1 |   53.0 |
      Gauntlet |    237 |    237 |      0 |    100 |     26 |   1 |  237.0 |
               +--------+--------+--------+--------+--------+-----+--------+

Top non-repeatable levels by time:
     D:4: 2956 daAuts
     D:5: 2179 daAuts
     D:9: 1795 daAuts
     D:3: 1559 daAuts
     D:7: 1494 daAuts
     D:2: 1490 daAuts
    D:10: 1327 daAuts
     D:8: 1149 daAuts
     D:1: 1103 daAuts
     D:6: 1059 daAuts
    D:11: 714 daAuts
Gauntlet: 237 daAuts
  Temple: 56 daAuts
  Lair:1: 53 daAuts
